 Dungeon Crawl Stone Soup version 0.31.0-11-ge490571c62 (webtiles) character file.

Game seed: 450849899974520992

1400 Bobbunny the Fighter (level 8, -8/75 HPs)
             Began as a Ghoul Fighter on Feb 3, 2024.
             Was an Initiate of Ru.
             Mangled by a boulder beetle (19 damage)
             ... on level 7 of the Dungeon.
             The game lasted 00:05:21 (5501 turns).

Bobbunny the Fighter (Ghoul Fighter)                Turns: 5501, Time: 00:05:21

Health: -8/75      AC:  8    Str: 22    XL:     8   Next: 69%
Magic:  8/8        EV:  9    Int:  7    God:    Ru [......]
Gold:   136        SH:  3    Dex:  5    Spells: 7/7 levels left

rFire   + +          .
                       - Unarmed
rCold   + . .        b - +0 buckler
rNeg    + + +        k - +1 scale mail of Recklessness {rF++ Dex-3}
rPois   ∞            (no helmet)
rElec   .            y - +0 cloak
rCorr   .            (no gloves)
SInv    .            (no boots)
Will    .....        t - amulet of regeneration Stlth
                     (no ring)
HPRegen 0.00/turn    (no ring)
MPRegen 0.11/turn

%: no passive effects
@: inhibited regen
A: claws 1, cold resistance 1, negative energy resistance 3, inhibited
regeneration, torment resistance 2, disrupted magic 1, devour on kill
a: Renounce Religion


You were on level 7 of the Dungeon.
You worshipped Ru.
Ru was noncommittal.
You visited 2 branches of the dungeon, and saw 8 of its levels.

You collected 331 gold pieces.
You spent 195 gold pieces at shops.

Inventory:

Missiles
 f - 12 poisoned darts
 m - 9 boomerangs (quivered)
Armour
 b - a +0 buckler (worn)
 k - the +1 scale mail of Recklessness (worn) {rF++ Dex-3}
   (You found it on level 5 of the Dungeon)

   Dex-3:     It affects your dexterity (-3).
   rF++:      It greatly protects you from fire.
 l - a +0 pair of gloves
 y - a +0 cloak (worn)
Jewellery
 t - an amulet of regeneration (around neck)
Wands
 i - a wand of digging (7)
Scrolls
 d - 5 scrolls of vulnerability {unknown}
 e - 2 scrolls of summoning {unknown}
 g - a scroll of fog
 n - 2 scrolls of identify
 o - 4 scrolls of blinking {unknown}
 p - 3 scrolls of noise
 q - 2 scrolls of teleportation {unknown}
 r - a scroll of fear {unknown}
 s - 2 scrolls of immolation
 u - 2 scrolls of amnesia
 w - a scroll of enchant armour {unknown}
Potions
 a - a potion of brilliance {unknown}
 c - 2 potions of might
 h - a potion of heal wounds
 j - 2 potions of attraction {unknown}
 v - a potion of curing
 x - a potion of haste {unknown}


   Skills:
 + Level 8.6 Fighting
 + Level 1.2 Throwing
 - Level 2.6 Armour
 - Level 2.6 Shields
 + Level 8.2 Unarmed Combat


You had 7 spell levels left.
You didn't know any spells.
Your spell library contained the following spells:

 Spells                   Type           Power      Damage    Failure   Level
 Magic Dart               Conj           0%         1d3       88%         1
 Blink                    Tloc           0%         N/A       95%         2
 Call Imp                 Summ           0%         N/A       95%         2
 Ensorcelled Hibernation  Hex/Ice        0%         N/A       95%         2
 Passwall                 Erth           0%         N/A       99%         3
 Swiftness                Air            0%         N/A       99%         3
 Leda's Liquefaction      Alch/Erth      0%         N/A       100%        4
 Lee's Rapid Deconstruct  Erth           0%         3d4*      100%        5
 Bombard                  Conj/Erth      0%         9d1       100%        6


Dungeon Overview and Level Annotations

Branches:
Dungeon (7/15)             Temple (1/1) D:6

Altars:
Ashenzari
Cheibriados
Dithmenos
Fedhas
Gozag
Hepliaklqana
Kikubaaqudgha
Makhleb
Nemelex Xobeh
Okawaru
Qazlal
Ru
Sif Muna
Trog
Uskayaw
Vehumet
Wu Jian
Xom
Yredelemnul
Lugonu

Shops:
D:1 *=?*:   D:5 [

Portals:
Abyss: D:1

Annotations:
D:1 2 runed translucent doors


Innate Abilities, Weirdness & Mutations

You are immune to poison.
You have sharp fingernails.
Your flesh is cold resistant. (rC+)
You are immune to negative energy. (rN+++)
You do not regenerate when monsters are visible.
You are immune to unholy pain and torment.
Your casting is slightly disrupted.
You thrive by killing the living.


Message History

The boulder beetle is moderately wounded.
The boulder beetle barely misses you.
You claw the boulder beetle!
The boulder beetle is moderately wounded.
The boulder beetle leaps!
You see here a poisoned dart.
The boulder beetle bites you!
There is an open door here.
You scratch the boulder beetle but do no damage.
The boulder beetle is heavily wounded.
The boulder beetle bites you!
* * * LOW HITPOINT WARNING * * *
You scratch the boulder beetle but do no damage.
The boulder beetle is heavily wounded.
The boulder beetle bites you.
* * * LOW HITPOINT WARNING * * *
You claw the boulder beetle!
The boulder beetle is severely wounded.
You barely miss the boulder beetle.
The boulder beetle is severely wounded.
The boulder beetle leaps!
You start resting.
A boulder beetle is nearby!
Throw: 13 darts (poison)
Press: ? - help, Shift-Dir - straight line, f/p - boulder beetle
Aim: a boulder beetle (severely wounded, 88% to hit)
You throw a poisoned dart.
The poisoned dart hits the boulder beetle.
The boulder beetle is severely wounded.
You scratch the boulder beetle but do no damage.
The boulder beetle is severely wounded.
The boulder beetle bites you but does no damage.
You barely miss the boulder beetle.
The boulder beetle is severely wounded.
The boulder beetle bites you.
* * * LOW HITPOINT WARNING * * *
You claw the boulder beetle!
The boulder beetle is almost dead.
The boulder beetle bites you!!
You die... ## #....# .. #....### ### ## #....##. :! ? #....##. #### ###....##. #(.# #......##. +((+

#......†.. #8(#
#####.##...###
##@###.............
#B##......########
#.(...###......
####..##########
#....))......
#.########### #.#
#.# +.#


You could see a boulder beetle.

Vanquished Creatures
  Duvessa (D:6)
  An ice beast (D:6)
  2 black bears
  An ogre (D:6)
  A centaur (D:6)
  2 phantoms
  2 bullfrogs
  3 scorpions
  Dowan (D:6)
  A bombardier beetle (D:3)
  2 hounds (D:5)
  A jelly (D:4)
  3 iguanas
  A sleepcap (D:6)
  An orc wizard (D:4)
  A gnoll (D:2)
  4 adders
  A shadow imp (D:6)
  A white imp (D:7)
  A dart slug (D:3)
  12 orcs
  3 endoplasms
  2 giant cockroaches
  10 goblins
  4 hobgoblins
  2 jackals (D:2)
  A quokka (D:2)
  3 ball pythons
  2 bats
  2 frilled lizards (D:2)
  9 kobolds
  4 rats (D:1)
85 creatures vanquished.

Notes
Turn   | Place    | Note
-------+----------+-------------------------------------------
     0 | D:1      | Bobbunny the Ghoul Fighter began the quest for the Orb.
     0 | D:1      | Reached XP level 1. HP: 19/19 MP: 1/1
    53 | D:1      | Found a large runed translucent door.
    53 | D:1      | Found a large runed translucent door.
    54 | D:1      | Noticed an iron imp
    55 | D:1      | Found a one-way gate to the infinite horrors of the Abyss.
    59 | D:1      | Noticed a crimson imp
    66 | D:1      | Noticed an iron imp
    81 | D:1      | Noticed a quasit
    92 | D:1      | Found a corrupted altar of Lugonu.
   190 | D:1      | Reached XP level 2. HP: 23/26 MP: 2/2
   234 | D:1      | Found Caemale's Jewellery Boutique.
   239 | D:1      | Found Yschot's Magic Scroll Shoppe.
   247 | D:1      | Bought a scroll of identify for 22 gold pieces
   348 | D:1      | Found Lint's General Store.
   423 | D:1      | Found Kaolokur's Book Shop.
   468 | D:1      | Found a faded altar of an unknown god.
   970 | D:1      | Found Peifo's Assorted Antiques.
   978 | D:1      | Bought an emerald potion for 18 gold pieces
   978 | D:1      | Bought a cyan potion for 18 gold pieces
  1261 | D:2      | Reached XP level 3. HP: 23/33 MP: 3/3
  1943 | D:3      | Reached XP level 4. HP: 34/41 MP: 4/4
  2499 | D:4      | Noticed a scorpion
  2509 | D:4      | Reached skill level 5 in Fighting
  2509 | D:4      | Reached XP level 5. HP: 34/48 MP: 5/5
  2597 | D:4      | Noticed a black bear
  2611 | D:4      | Killed a black bear
  2612 | D:4      | Reached skill level 5 in Unarmed Combat
  2612 | D:4      | Reached XP level 6. HP: 29/57 MP: 6/6
  2983 | D:4      | Found a basalt altar of Yredelemnul.
  2983 | D:4      | Found a stormy altar of Qazlal.
  2989 | D:4      | Reached XP level 7. HP: 44/64 MP: 7/7
  3013 | D:4      | Found a shadowy altar of Dithmenos.
  3016 | D:4      | Found an iron altar of Okawaru.
  3018 | D:4      | Found a sacrificial altar of Ru.
  3023 | D:4      | Found a bloodstained altar of Trog.
  3093 | D:4      | Became a worshipper of Ru the Awakened
  3396 | D:1      | Bought a scroll of noise for 11 gold pieces
  3476 | D:1      | Bought a fizzy yellow potion for 18 gold pieces
  3476 | D:1      | Bought a scroll labelled TIWEOT PIGGEE for 20 gold pieces
  3556 | D:1      | Bought a scroll of amnesia for 44 gold pieces
  3556 | D:1      | Bought a scroll of identify for 22 gold pieces
  3556 | D:1      | Bought a scroll of identify for 22 gold pieces
  3659 | D:5      | Entered Level 5 of the Dungeon
  3783 | D:5      | Identified the +1 scale mail of Recklessness {rF++ Dex-3}
  3835 | D:5      | Found Qemov's Armour Boutique.
  4609 | D:6      | Reached XP level 8. HP: 74/74 MP: 8/8
  4635 | D:6      | Noticed Dowan
  4636 | D:6      | Noticed Duvessa
  4648 | D:6      | Killed Duvessa
  4656 | D:6      | Killed Dowan
  4761 | D:6      | Found a staircase to the Ecumenical Temple.
  4775 | Temple   | Entered the Ecumenical Temple
  4897 | D:6      | Gained mutation: Your casting is slightly disrupted. [Ru
                  | sacrifice]
  5425 | D:7      | Reached skill level 1 in Throwing
  5477 | D:7      | Noticed a boulder beetle
  5501 | D:7      | Mangled by a boulder beetle

Illustrated notes

Levels and vault maps discovered:
D:1:      erik_arrival_cave_to_civilisation [erik_arrival_cave_to_temple],
          layout_basic, shapermc_ecumenical_altar_mp_urbaneastern, serial_shops,
          shop, shop, nicolae_shop_tiny_statue_garden, shop, shop_fountains,
          st_stairs_9, hangedman_decor_points, hangedman_decor_growths
D:2:      layout_basic, cheibrodos_gnoll_hut
D:3:      layout_basic
D:4:      layout_rooms, nicolae_overflow_hallway_of_the_gods
D:5:      layout_loops_ring, serial_shops, nicolae_shop_statue_plus
D:6:      layout_cave_pods, minmay_temple_entry_stoned_glass, uniq_duvessa
D:7:      minmay_chambers_of_sixes, layout_basic, dreamdust_gnoll_farm
Temple:   nicolae_temple_elliptical

Skill      XL: |  1  2  3  4  5  6  7  8 |
---------------+-------------------------+-----
Unarmed Combat | 3 4 5 7 8 |  8.2
Fighting       | 4 5 6 7 8 |  8.6
Throwing       | 1 |  1.2
Armour         | |  2.6
Shields        | |  2.6

Action                     |  1- 3 |  4- 6 |  7- 9 || total
---------------------------+-------+-------+-------++-------
  Melee: Unarmed           |   102 |    86 |   124 ||   312
  Throw: Dart              |       |       |    12 ||    12
         Boomerang         |       |       |     2 ||     2
 Invoke: Sacrifice Essence |       |       |     1 ||     1
    Use: Scroll            |       |       |     7 ||     7
 Armour: Scale mail        |    56 |    66 |    93 ||   215
         Skin              |       |       |     1 ||     1
  Dodge: Dodged            |    44 |    29 |    44 ||   117
  Block: Buckler           |    16 |    10 |    17 ||    43
